 Dungeon Crawl Stone Soup version 0.25-a0-41-g6cf4ce537d (webtiles) character file.

Game seed: 4622078899495419137, levelgen mode: deterministic

748 Johnny the Poker (level 7, 0/60 HPs)
             Began as a Demigod Gladiator on Oct 21, 2019.
             Succumbed to Duvessa's poison
             ... on level 3 of the Dungeon.
             The game lasted 00:03:01 (3440 turns).

Johnny the Poker (Demigod Gladiator)                Turns: 3440, Time: 00:03:02

Health: 0/60       AC:  6    Str: 21    XL:     7   Next: 23%
Magic:  9/9        EV: 12    Int: 12    God:
Gold:   167        SH:  0    Dex: 17    Spells: 6/6 levels left

rFire    . . .     SeeInvis .   p - +1 spear (venom)
rCold    . . .     Gourm    .   (no shield)
rNeg     . . .     Faith    .   q - +0 ring mail
rPois    .         Spirit   .   c - +0 helmet
rElec    .         Reflect  .   (no cloak)
rCorr    .         Harm     .   (no gloves)
MR       .....                  (no boots)
Stlth    +.........             (no amulet)
HPRegen  0.20/turn              s - ring of wizardry
MPRegen  0.11/turn              (no ring)

@: lethally poisoned (0 -> -2)
A: high mp 1
a: no special abilities


You were on level 3 of the Dungeon.
You were not hungry.

You visited 1 branch of the dungeon, and saw 4 of its levels.
You also visited: Sewer.

You collected 167 gold pieces.

Inventory:

Hand Weapons
 p - a +1 spear of venom (weapon)
 v - a +2 spear of venom
Armour
 c - a +0 helmet (worn)
 q - a +0 ring mail (worn)
Jewellery
 s - a ring of wizardry (left hand)
Scrolls
 a - 2 scrolls of teleportation {unknown}
 b - 2 scrolls of immolation {unknown}
 e - a scroll of fog {unknown}
 h - a scroll of enchant weapon {unknown}
 l - 2 scrolls of amnesia {unknown}
 m - 3 scrolls of remove curse {unknown}
 n - 2 scrolls of identify {unknown}
 u - a scroll of blinking {unknown}
Potions
 d - 2 potions of mutation {unknown}
 g - 4 potions of curing {unknown}
 i - a potion of lignification {unknown}
 j - 4 potions of might {unknown}
 k - 2 potions of brilliance {unknown}
 o - 2 potions of agility {unknown}
 r - 5 potions of heal wounds {unknown}
 t - 2 potions of magic {unknown}
Comestibles
 f - 10 rations


   Skills:
 + Level 4.6 Fighting
 * Level 6.8 Polearms
 - Level 1.7 Throwing
 - Level 2.6 Dodging


You had 6 spell levels left.
You didn't know any spells.
Your spell library was empty.

Dungeon Overview and Level Annotations

Branches:
Dungeon (4/15)             Temple (0/1) D:4           Sewer (visited)

Annotations:
D:4 Dowan


Innate Abilities, Weirdness & Mutations

You have an increased reservoir of magic. (+10% MP)


Message History

Aim: Duvessa, wielding a +1 short sword of venom and wearing a +0 leather armour (severely wounded, poisoned)
You puncture Duvessa!
You kill Duvessa!
You hear a distant wail of despair.
You feel sick.
You feel sick.
You feel sick.
You feel sick.
You open the door.
You feel sick.
There is an open door here.
You feel sick.
Dowan seems to find hidden reserves of power!
You feel sick.
Dowan points at you and mumbles some strange words.
The shard of ice hits you!
* * * LOW HITPOINT WARNING * * *
* * * LOW HITPOINT WARNING * * *
You feel sick.
There is a stone staircase leading up here.
You climb upwards.
You die...

..###....########................
..######....######.....#.........
.......#.#...........######......
#...##...............# ##..#....
###..###.............# #......#.
# ##.#...#.......#..#####........
# #........#..#................)
# ##...####.#..#.#.#.............
# #..### #.#...@..#.............
###.#######..#.....#.............
##.................#.............
##).........#......#...........÷(
##..........##.................#.
##(.).......##.....#..........##.
.((##....####..[...#..........##.
#####.##.###..#....#..........##.
...#..##.#...##....#...#.######.÷


There were no monsters in sight!

Vanquished Creatures
  Duvessa (D:4)
  An ogre (D:4)
  Blork the orc (D:4)
  3 big kobolds (Sewer)
  A howler monkey (D:4)
  2 hounds (D:4)
  Terence (D:3)
  A worker ant (D:4)
  3 adders
  An ooze (D:1)
  5 dart slugs
  3 leopard geckos
  2 orcs
  6 bats
  5 giant cockroaches
  9 goblins
  8 hobgoblins
  4 jackals (D:2)
  19 kobolds
  A quokka (D:2)
  2 ball pythons (Sewer)
  5 frilled lizards
  10 rats
94 creatures vanquished.

Notes
Turn   | Place    | Note
-------+----------+-------------------------------------------
     0 | D:1      | Johnny the Demigod Gladiator began the quest for the Orb.
     0 | D:1      | Reached XP level 1. HP: 17/17 MP: 3/3
   119 | D:1      | Reached skill level 3 in Polearms
   189 | D:1      | Reached XP level 2. HP: 19/24 MP: 4/4
   920 | D:2      | Found a hazy altar of Hepliaklqana.
   929 | D:2      | Reached XP level 3. HP: 22/30 MP: 5/5
  1142 | D:2      | You fall into a shaft and drop 1 floor!
  1194 | D:3      | Found a radiant altar of Vehumet.
  1238 | D:3      | Noticed Terence
  1247 | D:3      | Killed Terence
  1247 | D:3      | Reached skill level 4 in Polearms
  1328 | D:3      | Found a faded altar of an unknown god.
  1403 | D:3      | Found a glowing drain.
  1429 | D:3      | Reached XP level 4. HP: 26/37 MP: 6/6
  1446 | Sewer    | Entered a sewer
  1629 | Sewer    | Noticed a big kobold
  1640 | Sewer    | Killed a big kobold
  1640 | Sewer    | Reached XP level 5. HP: 44/45 MP: 7/7
  1716 | Sewer    | Reached skill level 5 in Polearms
  1722 | Sewer    | Reached XP level 6. HP: 43/52 MP: 8/8
  1982 | D:3      | Found a bloodstained altar of Trog.
  2593 | D:4      | Found a staircase to the Ecumenical Temple.
  2912 | D:4      | Noticed Blork the orc
  2921 | D:4      | Killed Blork the orc
  2921 | D:4      | Reached skill level 6 in Polearms
  3000 | D:4      | Found a hide-covered altar of Uskayaw.
  3014 | D:4      | Reached XP level 7. HP: 28/60 MP: 9/9
  3283 | D:4      | Found a burning altar of Makhleb.
  3404 | D:4      | Noticed Dowan
  3405 | D:4      | Noticed Duvessa
  3424 | D:4      | Found a shattered altar of Ashenzari.
  3427 | D:4      | Killed Duvessa
  3437 | D:4      | HP: 1/60 [Dowan/shard of ice (14)]
  3440 | D:3      | Succumbed to Duvessa's poison

Levels and vault maps discovered:
D:1:      eino_arrival_water_cross, layout_basic, serial_glass, glass_columns_b,
          glass_columns_a, glass_columns_c, glass_columns_a, glass_columns_b,
          minmay_strange_pillars, minmay_strange_pillars
D:2:      layout_basic, old_standard_altar
D:3:      layout_rooms, bloody_trog, lemuel_coloured_pillars_altar,
          gup_sewer_entry_glass, chequers_ecumenical_altar_simple_redux,
          uniq_terence
D:4:      layout_loops_corners, led_sif_pool, lightli_temple_of_fire,
          eat_drink_and_be_merry_uskayaw, overflow_temple_1_default,
          minmay_temple_entry_glass, first_ration, minmay_misc_feat_diagonals,
          uniq_blork_the_orc, uniq_duvessa

Skill      XL: |  1  2  3  4  5  6 |
---------------+-------------------+-----
Polearms       | 3 4 5 6 |  6.8
Fighting       | 2 3 4 |  4.6
Throwing       | |  1.7
Dodging        | |  2.6

Action                   |  1- 3 |  4- 6 |  7- 9 || total
-------------------------+-------+-------+-------++-------
Melee: Trident           |    92 |       |       ||    92
       Spear             |    17 |   163 |    13 ||   193
 Stab: Sleeping          |     3 |       |       ||     3
  Eat: Chunk             |     2 |     4 |     2 ||     8
Armor: Leather armour    |    12 |       |       ||    12
       Ring mail         |     1 |    34 |     1 ||    36
Dodge: Dodged            |    45 |    73 |     3 ||   121

Table legend:
 A = Non-vault XP
 B = Vault XP
 C = Vault XP percentage of total XP
 D = Non-vault monster count
 E = Vault monster count
 F = Vault count percentage of total count
                 A         B        C        D         E       F
            +---------+---------+-------+---------+---------+-------
      Total |     433 |     636 |  59.5 |      63 |      31 |  33.0
            +---------+---------+-------+---------+---------+-------
        D:1 |      35 |       0 |   0.0 |      17 |       0 |   0.0
        D:2 |      45 |       0 |   0.0 |      23 |       0 |   0.0
        D:3 |      26 |      67 |  72.0 |      14 |       5 |  26.3
        D:4 |     327 |     242 |  42.5 |       9 |       2 |  18.2
      Sewer |       0 |     327 | 100.0 |       0 |      24 | 100.0
            +---------+---------+-------+---------+---------+-------
